 Dungeon Crawl Stone Soup version 0.32-a0-918-g0f22ef8d61 (webtiles) character file.

Game seed: 1569009547508271794

786 Revguard the Trooper (level 7, -4/55 HPs)
             Began as a Demonspawn Fighter on Apr 11, 2024.
             Killed by divine providence
             ... invoked by an orc priest
              (17 damage)
             ... on level 5 of the Dungeon.
             The game lasted 00:08:11 (4317 turns).

Revguard the Trooper (Demonspawn Fighter)           Turns: 4317, Time: 00:08:12

Health: -4/55      AC: 10    Str: 18    XL:     7   Next: 56%
Magic:  9/9        EV:  9    Int:  9    God:
Gold:   175        SH:  4    Dex: 12    Spells: 6/6 levels left

rFire   . . .        a - +0 war axe
rCold   . . .        c - +0 buckler
rNeg    . . .        b - +0 scale mail
rPois   .            p - +0 helmet
rElec   .            (no cloak)
rCorr   .            (no gloves)
SInv    .            (no boots)
Will    +....        (no amulet) Stlth
                     n - ring of willpower
HPRegen 0.29/turn    y - ring of flight
MPRegen 0.11/turn

%: no passive effects
@: mighty, flying
A: claws 2, thin metallic scales 1, demonic guardian 1, powered by death 1
a: Convert to Beogh


You were on level 5 of the Dungeon.
You visited 1 branch of the dungeon, and saw 5 of its levels.

You collected 211 gold pieces.
You spent 36 gold pieces at shops.

Inventory:

Hand Weapons
 a - a +0 war axe (weapon)
Missiles
 z - 2 throwing nets (quivered)
Armour
 b - a +0 scale mail (worn)
 c - a +0 buckler (worn)
 p - a +0 helmet (worn)
Jewellery
 j - an amulet of the acrobat
 n - a ring of willpower (left claw)
 y - a ring of flight (right claw)
Wands
 x - a wand of paralysis (1)
Scrolls
 e - a scroll of silence {unknown}
 f - 2 scrolls of fear {unknown}
 h - a scroll of revelation {unknown}
 k - 3 scrolls of identify {unknown}
 m - 2 scrolls of enchant armour {unknown}
 o - a scroll of blinking {unknown}
 r - a scroll of brand weapon {unknown}
 s - a scroll of amnesia {unknown}
 t - a scroll of immolation {unknown}
 v - a scroll of fog {unknown}
Potions
 d - 3 potions of might
 g - a potion of brilliance {unknown}
 i - a potion of enlightenment {unknown}
 l - 2 potions of degeneration {unknown}
 q - 2 potions of curing
 u - a potion of mutation {unknown}
 w - a potion of heal wounds {unknown}


   Skills:
 + Level 4.4 Fighting
 + Level 3.4 Axes
 + Level 4.0 Armour
 + Level 2.4 Dodging
 + Level 3.9 Shields
 + Level 3.7 Invocations
 + Level 2.8 Evocations


You had 6 spell levels left.
You didn't know any spells.
Your spell library contained the following spells:

 Spells                   Type           Power      Damage    Failure   Level
 Magic Dart               Conj           0%         1d3       83%         1
 Lesser Beckoning         Tloc           0%         N/A       93%         2
 Searing Ray              Conj           0%         2d4       93%         2
 Maxwell's Portable Pile  Tloc           0%         2d(5-13)  99%         3
 Teleport Other           Tloc           0%         N/A       99%         3
 Fulminant Prism          Conj/Alch      0%         3d5       100%        4
 Dispersal                Tloc           0%         N/A       100%        6
 Gell's Gavotte           Tloc           0%         2d(11-16) 100%        6


Dungeon Overview and Level Annotations

Branches:
Dungeon (5/15)
 Temple: D:4-7

Altars:
Gozag
Kikubaaqudgha
Nemelex Xobeh
Sif Muna
Wu Jian

Shops:
D:3 =*

Annotations:
D:5 Prince Ribbit


Innate Abilities, Weirdness & Mutations

You have very sharp fingernails.
You are partially covered in thin metallic scales. (AC +2)
A weak demonic guardian rushes to your aid.
You regenerate a little health from kills.


Message History

There is a stone staircase leading down here.
You fly downwards.
There is a stone staircase leading up here.
Prince Ribbit comes into view.
An orc priest comes into view. It is wielding a +0 club.
The orc priest shouts!
You hear a shout!
Prince Ribbit lets out a mournful croak.
You closely miss Prince Ribbit.
Prince Ribbit hits you but does no damage. x2
You miss Prince Ribbit.
Prince Ribbit blinks!
An orc comes into view. It is wielding a +0 hand axe.
The orc shouts!
You hear a shout!
An orc comes into view. It is wielding a +0 dagger.
Prince Ribbit hits you! The orc priest closely misses you.
You slash the orc priest!
The orc priest is heavily wounded.
You closely miss Prince Ribbit. Prince Ribbit hits you!
An orc comes into view. It is wielding a +0 falchion.
The orc priest hits you with a +0 club.
Prince Ribbit hits you but does no damage.
The orc priest threatens, "Beogh's wrath is as vast as their mercy.
Make your choice!" (press Y on the ability menu to convert to Beogh)
You hit the orc priest.
The orc priest is almost dead.
You closely miss Prince Ribbit. Prince Ribbit hits you!
A demonic guardian appears!
The orc priest mumbles some strange prayers to Beogh against you.
Beogh smites you!
* * * LOW HITPOINT WARNING * * *
Prince Ribbit blinks!
A phantom comes into view.
The orc priest invokes the aid of Beogh against you.
You resist with some effort.
You feel very mighty all of a sudden.
Prince Ribbit blinks!
The orc priest closely misses you.
You closely miss the orc priest.
The orc priest is almost dead.
The orc priest invokes the aid of Beogh against you.
Beogh smites you!
You die...

.# ..... #....
W...
#....#####ยง..
##.......o..
......#...#
#.....oo.# .
#....#o#.# .#
##..5@..# ...
..###.......#...#
#................
#.####........###
#....#.....#
#...<.......
##...#######
##..# #...


You could see a phantom, an orc priest (ally target), 3 orcs and a friendly
shadow imp (summoned).

Vanquished Creatures
  Sigmund (D:4)
  Eustachio (D:4)
  A phantom (D:4)
  A scorpion (D:4)
  2 vampire bats (D:3)
  A bombardier beetle (D:4)
  A hound (D:4)
  3 gnolls (D:4)
  8 adders
  A ribbon worm (D:4)
  4 dart slugs (D:2)
  An orc (D:3)
  5 ball pythons
  4 bats
  3 bat skeletons (D:3)
  4 bat zombies (D:3)
  5 endoplasms
  2 giant cockroaches
  6 hobgoblins
  3 jackals (D:3)
  6 quokkas
  3 frilled lizards
  10 goblins
  5 kobolds
  9 rats
90 creatures vanquished.

Notes
Turn   | Place    | Note
-------+----------+-------------------------------------------
     0 | D:1      | Revguard the Demonspawn Fighter began the quest for the
                  | Orb.
     0 | D:1      | Reached XP level 1. HP: 18/18 MP: 1/1
   384 | D:1      | Gained mutation: You have sharp fingernails. [demonic
                  | ancestry]
   384 | D:1      | Reached XP level 2. HP: 24/24 MP: 2/2
  1132 | D:2      | Reached skill level 1 in Invocations
  1208 | D:2      | Gained mutation: You have very sharp fingernails. [demonic
                  | ancestry]
  1208 | D:2      | Reached XP level 3. HP: 29/29 MP: 3/3
  1480 | D:2      | Found a shimmering blue altar of Sif Muna.
  1955 | D:2      | Gained mutation: You are partially covered in thin metallic
                  | scales. (AC +2) [demonic ancestry]
  1955 | D:2      | Reached XP level 4. HP: 31/35 MP: 5/5
  2165 | D:3      | Found an ornate altar of the Wu Jian Council.
  2310 | D:3      | Found Anasti's General Store.
  2320 | D:3      | Bought a potion of curing for 36 gold pieces
  2335 | D:3      | Reached skill level 1 in Dodging
  2335 | D:3      | Reached skill level 1 in Evocations
  2607 | D:3      | Found Raziuf's Jewellery Emporium.
  2643 | D:3      | Found a sparkling altar of Nemelex Xobeh.
  2643 | D:3      | Found an opulent altar of Gozag.
  2740 | D:3      | Found an ancient bone altar of Kikubaaqudgha.
  2743 | D:3      | Reached XP level 5. HP: 41/41 MP: 6/6
  3241 | D:4      | Noticed a phantom
  3257 | D:4      | Killed a phantom
  3258 | D:4      | Gained mutation: You regenerate a little health from kills.
                  | [demonic ancestry]
  3258 | D:4      | Reached XP level 6. HP: 31/48 MP: 6/8
  3676 | D:4      | Noticed Eustachio
  3701 | D:4      | Killed Eustachio
  3702 | D:4      | Gained mutation: A weak demonic guardian rushes to your
                  | aid. [demonic ancestry]
  3702 | D:4      | Reached XP level 7. HP: 25/54 MP: 9/9
  3890 | D:4      | Noticed Sigmund
  3909 | D:4      | Killed Sigmund
  4306 | D:5      | Entered Level 5 of the Dungeon
  4307 | D:5      | Noticed Prince Ribbit
  4317 | D:5      | Killed from afar by an orc priest

Illustrated notes

Levels and vault maps discovered:
D:1:      minmay_arrival_solitary_statue, layout_basic,
          nicolae_houndstooth_variations
D:2:      minmay_door_path, layout_basic, basic_altar
D:3:      layout_basic, grunt_temple_overflow_opulence,
          kennysheep_vampire_church, mainiacjoe_overflow_boulevard,
          serial_shops, shop, nicolae_square_shop, serial_bayou,
          serial_bayou_lagoon_b, serial_bayou_shore_a, serial_bayou_crossing,
          serial_bayou_pond_b
D:4:      layout_layer_cave, minmay_misc_feat_chi, uniq_sigmund, uniq_eustachio
D:5:      layout_loops_corners, lemuel_doored_altar, st_stairs_1,
          minmay_misc_feat_doors, hangedman_decor_lopped,
          uniq_crazy_yiuf_cottage, uniq_prince_ribbit1

Skill      XL: |  1  2  3  4  5  6  7 |
---------------+----------------------+-----
Axes           | 2 3 |  3.4
Invocations    | 1 2 3 |  3.7
Shields        | 3 |  3.9
Armour         | 3 4 |  4.0
Dodging        | 1 2 |  2.4
Evocations     | 1 2 |  2.8
Fighting       | 4 |  4.4

Action                     |  1- 3 |  4- 6 |  7- 9 || total
---------------------------+-------+-------+-------++-------
  Melee: War axe           |    96 |   179 |    38 ||   313
  Evoke: Wand              |       |     1 |       ||     1
    Use: Potion            |       |     1 |     1 ||     2
   Stab: Paralysed         |       |     5 |       ||     5
 Armour: Scale mail        |    85 |   227 |    32 ||   344
  Dodge: Dodged            |    36 |   115 |    18 ||   169
  Block: Buckler           |    32 |    64 |     9 ||   105

Table legend: (Time is in decaauts)
 A = Elapsed time spent in this place.
 B = Non-inter-level travel time spent in this place.
 C = Inter-level travel time spent in this place.
 D = Time resting spent in this place.
 E = Time spent auto-exploring this place.
 F = Levels seen in this place.
 G = Mean time per level.
                   A        B        C        D        E       F      G
               +--------+--------+--------+--------+--------+-----+--------+
         Total |   4494 |   4378 |    116 |      0 |   3438 |   5 |  898.8 |
       Dungeon |   4494 |   4378 |    116 |      0 |   3438 |   5 |  898.8 |
               +--------+--------+--------+--------+--------+-----+--------+

Top non-repeatable levels by time:
     D:4: 1336 daAuts
     D:1: 1105 daAuts
     D:2: 1034 daAuts
     D:3: 1006 daAuts
     D:5: 11 daAuts
